 Dungeon Crawl Stone Soup version 0.26-a0-771-g060e6a62af (webtiles) character file.

Game seed: 5948105392440192730

69 Demosthentine the Poker (level 4, -2/35 HPs)
             Began as a Merfolk Gladiator on Nov 9, 2020.
             Slain by a gnoll
             ... wielding a +0 whip
              (9 damage)
             ... on level 2 of the Dungeon.
             The game lasted 00:00:56 (1191 turns).

Demosthentine the Poker (Merfolk Gladiator)         Turns: 1191, Time: 00:00:57

Health: -2/35      AC:  5    Str: 15    XL:     4   Next: 20%
Magic:  13/13      EV: 14    Int:  7    God:
Gold:   53         SH:  0    Dex: 15    Spells: 3/3 levels left

rFire    . . .     SeeInvis .   a - +0 trident
rCold    . . .     Faith    .   (no shield)
rNeg     . . .     Spirit   .   b - +0 leather armour
rPois    .         Reflect  .   c - +1 helmet
rElec    .         Harm     .   (no cloak)
rCorr    .         Rampage  .   (no gloves)
MR       .....                  (no boots)
Stlth    +.........             (no amulet)
HPRegen  0.11/turn              m - ring of magical power
MPRegen  0.13/turn              (no ring)

@: no status effects
A: change form in water, swift swim, stealthy swim
a: no special abilities


You were on level 2 of the Dungeon.
You visited 1 branch of the dungeon, and saw 2 of its levels.

You collected 53 gold pieces.

Inventory:

Hand Weapons
 a - a +0 trident (weapon)
Missiles
 d - 3 throwing nets (quivered)
Armour
 b - a +0 leather armour (worn)
 c - a +1 helmet (worn)
Jewellery
 m - a ring of magical power (left hand)
Scrolls
 e - a scroll of teleportation {unknown}
Potions
 f - a potion of might {unknown}
 l - a potion of brilliance


   Skills:
 + Level 3.0 Fighting
 + Level 5.2 Polearms
 - Level 2.0 Throwing
 + Level 1.2 Armour
 + Level 4.7 Dodging


You had 3 spell levels left.
You didn't know any spells.
Your spell library was empty.

Dungeon Overview and Level Annotations

Branches:
Dungeon (2/15)

Altars:
Makhleb


Message History

You kill the worm!
Your Fighting skill increases to level 3!
Unknown command.
Attack whom?
Press: ? - help, Dir - move target cursor, f - jackal
Aim: a jackal You reach to attack!
You barely miss the jackal.
The jackal bites you but does no damage.
Unknown command.
You hit the jackal.
The jackal is almost dead.
The jackal closely misses you.
You closely miss the jackal.
The jackal is almost dead.
The jackal completely misses you.
The jackal bites you but does no damage.
You hit the jackal.
You kill the jackal!
You barely miss the gnoll. The gnoll hits you with a +0 whip!
You die...

#...# #.# #.#<# #
#...# #.###.######
#...#
##..÷........
#####
#...........#
######...........#
#(...............#
#.####...........#
#.# ###.........#
#@# ##........#
#g# ######..## #.#
##.## #.#
#######.## #.#
##.........
#.†..h8#..........
###....##.........
.....#.........
.⌠._#.........


You could see a gnoll.

Vanquished Creatures
  An adder (D:2)
  2 gnolls (D:2)
  An ooze (D:1)
  A worm (D:2)
  2 dart slugs
  6 bats
  A giant cockroach (D:1)
  4 goblins
  A hobgoblin (D:1)
  3 jackals (D:2)
  2 frilled lizards (D:1)
  7 kobolds
  2 rats (D:1)
33 creatures vanquished.

Notes
Turn   | Place    | Note
-------+----------+-------------------------------------------
     0 | D:1      | Demosthentine the Merfolk Gladiator began the quest for the
                  | Orb.
     0 | D:1      | Reached XP level 1. HP: 16/16 MP: 1/1
   125 | D:1      | Reached XP level 2. HP: 23/23 MP: 2/2
   530 | D:1      | Reached XP level 3. HP: 27/28 MP: 3/3
   904 | D:2      | Reached skill level 5 in Polearms
   904 | D:2      | Reached skill level 1 in Armour
  1144 | D:2      | Found a burning altar of Makhleb.
  1172 | D:2      | Reached XP level 4. HP: 13/34 MP: 4/4
  1181 | D:2      | HP: 1/34 [worm (10)]
  1191 | D:2      | Slain by a gnoll

Illustrated notes

Levels and vault maps discovered:
D:1:      lemuel_arrival_lava_pool, layout_basic, hangedman_decor_push
D:2:      layout_basic, gammafunk_temple_overflow_pools

Skill      XL: |  1  2  3  4 |
---------------+-------------+-----
Polearms       | 5 |  5.2
Armour         | 1 |  1.2
Fighting       | 3 |  3.0
Throwing       | |  2.0
Dodging        | |  4.7

Action                   |  1- 3 |  4- 6 || total
-------------------------+-------+-------++-------
Melee: Trident           |   104 |    16 ||   120
  Use: Scroll            |     7 |       ||     7
       Potion            |       |     1 ||     1
 Stab: Sleeping          |     4 |       ||     4
Armor: Leather armour    |    23 |     4 ||    27
Dodge: Dodged            |    63 |     9 ||    72

Table legend: (Time is in decaauts)
 A = Elapsed time spent in this place.
 B = Non-inter-level travel time spent in this place.
 C = Inter-level travel time spent in this place.
 D = Time resting spent in this place.
 E = Time spent auto-exploring this place.
 F = Levels seen in this place.
 G = Mean time per level.
                   A        B        C        D        E       F      G
               +--------+--------+--------+--------+--------+-----+--------+
         Total |   1197 |   1197 |      0 |      0 |    981 |   2 |  598.5 |
       Dungeon |   1197 |   1197 |      0 |      0 |    981 |   2 |  598.5 |
               +--------+--------+--------+--------+--------+-----+--------+

Top non-repeatable levels by time:
     D:1: 624 daAuts
     D:2: 573 daAuts
